 Dungeon Crawl Stone Soup version 0.19.1 (webtiles) character file.

175 Gargo the Digger (level 5, -5/28 HPs)
             Began as a Gargoyle Earth Elementalist on Dec 5, 2016.
             Slain by Sigmund
             ... wielding a +2 scythe of protection
              (8 damage)
             ... on level 2 of the Dungeon.
             The game lasted 00:11:53 (2651 turns).

Gargo the Digger (Gargoyle Earth Elementalist)      Turns: 2651, Time: 00:11:57

Health: -5/28      AC:  6    Str: 12    XL:     5   Next: 55%
Magic:  1/11       EV: 12    Int: 16    God:
Gold:   47         SH:  4    Dex: 10    Spells: 3 memorised, 3 levels left

rFire  . . .     SeeInvis .     a - +0 flail
rCold  . . .     Gourm    .     c - +0 robe
rNeg   + . .     Faith    .     (no shield)
rPois  ∞         Spirit   .     (no helmet)
rElec  +         Reflect  +     (no cloak)
rCorr  .         Harm     .     (no gloves)
MR     .....                    (no boots)
Stlth  ++........               f - +4 amulet of reflection
                                u - ring of wizardry
                                p - ring of flight

@: no status effects
A: negative energy resistance 1, electricity resistance, unbreathing,
petrification resistance, rot immunity, AC +4
a: Evoke Flight


You were on level 2 of the Dungeon.
You were hungry.

You visited 1 branch of the dungeon, and saw 3 of its levels.

You collected 47 gold pieces.

Inventory:

Hand Weapons
 a - a +0 flail (weapon)
 l - a +0 club
 r - a +0 hand axe
 y - a +0 mace
Missiles
 b - 107 stones (quivered)
Armour
 c - a +0 robe (worn)
Jewellery
 f - a +4 amulet of reflection (around neck)
 p - a ring of flight (left hand)
 u - a ring of wizardry (right hand)
Wands
 w - a wand of slowing (29/48)
Scrolls
 g - a scroll of magic mapping {unknown}
 j - a scroll of remove curse {unknown}
 m - a scroll of random uselessness {unknown}
 n - a scroll of fear {unknown}
 o - a scroll of blinking {unknown}
 q - a scroll of noise {unknown}
 x - a scroll of amnesia {unknown}
Potions
 h - a potion of magic {unknown}
 i - a potion of brilliance {unknown}
 k - a potion of flight {unknown}
 s - a potion of invisibility {unknown}
 t - a potion of cure mutation {unknown}
 v - a potion of lignification {unknown}
 z - a potion of experience {unknown}
Books
 e - a book of Geomancy

   Spells                             Type                      Level
   a - Sandblast                      Earth                        1
   b - Passwall                       Transmutation/Earth          2
   c - Stone Arrow                    Conjuration/Earth            3
   d - Petrify                        Transmutation/Earth          4
   e - Lee's Rapid Deconstruction     Earth                        5
Comestibles
 d - a bread ration
 A - 2 chunks of flesh


   Skills:
 - Level 1.5 Dodging
 - Level 2.1 Stealth
 * Level 4.0 Spellcasting
 + Level 2.2 Conjurations
   Level 0.7 Transmutations
 + Level 4.7 Earth Magic


You had 3 spell levels left.
You knew the following spells:

 Your Spells              Type           Power        Failure   Level  Hunger
a - Sandblast             Erth           ###...       1%          1    None
b - Lee's Rapid Deconstr  Erth           ###.......   41%         5    ######.
A - Stone Arrow           Conj/Erth      ##....       4%          3    ###....


Dungeon Overview and Level Annotations

Branches:
Dungeon (3/15)

Altars:
Uskayaw

Annotations:
D:2 Sigmund


Innate Abilities, Weirdness & Mutations

You are resistant to torment.
Your stone body is resilient. (AC +4)
You are immune to poison.
You resist negative energy. (rN+)
You are resistant to electric shocks. (rElec)
You can survive without breathing.
You are immune to petrification.
You are immune to rotting.


Message History

* * * LOW HITPOINT WARNING * * *
Casting: Sandblast
Confirm with . or Enter, or press ? or * to list all spells.
Aiming: Sandblast
Press: ? - help, Shift-Dir - straight line, f/p - Sigmund
Aim: Sigmund, wielding a scythe of protection and wearing a robe (almost dead)
The blast of sand misses Sigmund.
Okay, then.
Evoke which item? (* to show all) (? for menu, Esc to quit)
Okay, then.
You hit Sigmund but do no damage.
Sigmund is almost dead.
Sigmund closely misses you.
You barely miss Sigmund.
Sigmund is almost dead.
Sigmund casts a spell at you. You resist with some effort.
Sigmund whispers, "You'll know eternity soon."
Sigmund hits you with a scythe of protection!
You die...

#.........+....
#..)......#....
####'###..#....
#.###..##...
#############.......#...
..........#.......#.#...
..........#......##.#...
........................
......@@..#####.........
..#######.# #....#....
#.# #....#.... #.#
#....#..## #.# #....#.>#
#.# #######.# #.# #.#
#.###########.#
#.............#


You could see Sigmund.

Vanquished Creatures
  Natasha (twice) (D:2)
  Terence (D:2)
  3 gnolls (D:2)
  2 adders (D:2)
  An ooze (D:1)
  4 worms (D:2)
  2 dart slugs
  2 leopard geckos (D:1)
  A ball python (D:3)
  A giant cockroach (D:2)
  3 goblins (D:1)
  3 hobgoblins
  6 bats
  5 frilled lizards
  3 kobolds
  6 rats
45 creatures vanquished.

Notes
Turn   | Place    | Note
-------+----------+-------------------------------------------
     0 | D:1      | Gargo the Gargoyle Earth Elementalist began the quest for the Orb.
     0 | D:1      | Reached XP level 1. HP: 10/10 MP: 3/3
   117 | D:1      | Reached XP level 2. HP: 6/15 MP: 0/5
   882 | D:2      | Reached XP level 3. HP: 15/19 MP: 0/7
   902 | D:2      | Learned a level 3 spell: Stone Arrow
  1839 | D:2      | Reached skill level 1 in Conjurations
  1839 | D:2      | Reached XP level 4. HP: 24/24 MP: 4/8
  1941 | D:2      | Found a hide-covered altar of Uskayaw.
  2313 | D:2      | Noticed Natasha
  2319 | D:2      | Killed Natasha
  2319 | D:2      | Reached XP level 5. HP: 28/28 MP: 2/10
  2326 | D:2      | Learned a level 5 spell: Lee's Rapid Deconstruction
  2535 | D:2      | Noticed Terence
  2544 | D:2      | Killed Terence
  2556 | D:2      | Noticed Natasha
  2558 | D:2      | Killed Natasha
  2591 | D:2      | Noticed Sigmund
  2651 | D:2      | Slain by Sigmund

Skill      XL: |  1  2  3  4  5 |
---------------+----------------+-----
Earth Magic    | 4 |  4.7
Spellcasting   | 3 4 |  4.0
Conjurations   | 1 2 |  2.2
Dodging        | |  1.5
Stealth        | |  2.1
Transmutations | |  0.7

Action                   |  1- 3 |  4- 6 || total
-------------------------+-------+-------++-------
Melee: Unarmed           |     9 |       ||     9
       Hand axe          |    18 |     9 ||    27
       Club              |     3 |       ||     3
       Flail             |       |    17 ||    17
 Cast: Sandblast         |    53 |    37 ||    90
       Stone Arrow       |     1 |     8 ||     9
 Stab: Sleeping          |     2 |     1 ||     3
  Eat: Chunk             |     3 |     3 ||     6
Armor: Robe              |    24 |    10 ||    34
Dodge: Dodged            |    33 |    24 ||    57
Block: Other             |       |     7 ||     7
